 Dungeon Crawl Stone Soup version 0.27-a0-457-gba82baf56e (webtiles) character file.

Game seed: 18050514397140024007

8 Chiseanne the Skirmisher (level 2, 22/24 HPs)
             Began as a Demonspawn Wanderer on Feb 28, 2021.
             Quit the game on level 1 of the Dungeon.
             The game lasted 00:00:44 (295 turns).

Chiseanne the Skirmisher (Demonspawn Wanderer)       Turns: 295, Time: 00:00:45

Health: 22/24      AC:  2    Str: 10    XL:     2   Next: 0%
Magic:  2/2        EV: 12    Int: 13    God:
Gold:   20         SH:  0    Dex: 14    Spells: 1/1 levels left

rFire    . . .     SeeInvis .   a - +2 dagger
rCold    . . .     Faith    .   (no shield)
rNeg     . . .     Spirit   .   e - +0 robe
rPois    .         Reflect  .   (no helmet)
rElec    .         Harm     .   (no cloak)
rCorr    .         Rampage  .   (no gloves)
Will     .....                  (no boots)
Stlth    ++........             (no amulet)
HPRegen  0.08/turn              (no ring)
MPRegen  0.08/turn              (no ring)

@: no status effects
A: claws 1
a: no special abilities


You were on level 1 of the Dungeon.
You visited 1 branch of the dungeon, and saw 1 of its levels.

You collected 20 gold pieces.

Inventory:

Hand Weapons
 a - a +2 dagger (weapon)
 c - a +0 hand axe
Armour
 e - a +0 robe (worn)
Potions
 b - a potion of heal wounds
 d - a potion of lignification


   Skills:
 * Level 3.2 Fighting
 - Level 2.6 Axes
 - Level 1.0 Staves
 - Level 1.0 Armour
 * Level 1.0 Dodging
 - Level 1.7 Stealth


You had one spell level left.
You didn't know any spells.
Your spell library was empty.

Dungeon Overview and Level Annotations

Branches:
Dungeon (1/15)

Altars:


Innate Abilities, Weirdness & Mutations

You have sharp fingernails.


Message History

The dart slug bites you but does no damage.
You hit the dart slug.
The dart slug is severely wounded.
The dart slug bites you but does no damage.
You hit the dart slug.
The dart slug is almost dead.
You hit the dart slug but do no damage.
The dart slug is almost dead.
The dart slug closely misses you.
You hit the dart slug.
You kill the dart slug!
A bat comes into view.
A frilled lizard comes into view.
The frilled lizard hisses angrily.
You closely miss the bat. The bat closely misses you.
The bat barely misses you.
You hit the frilled lizard.
The frilled lizard is heavily wounded.
You hit the frilled lizard.
You kill the frilled lizard!
The bat closely misses you. The bat hits you.
You hit the bat.
You kill the bat!
You see here a bat corpse.
Found a scroll labelled GYZXOC SOVERCH.
A kobold comes into view.
The goblin shouts!
The kobold shouts!
You barely miss the kobold. The kobold hits you but does no damage.
You miss the kobold. The kobold barely misses you.
You hit the kobold but do no damage. The kobold hits you.
You closely miss the kobold. The kobold barely misses you.
You hit the kobold.
You kill the kobold!
Your Dodging skill increases to level 1!
You have reached level 2!
Your demonic ancestry asserts itself...
Your fingernails lengthen.
Are you sure you want to abandon this character and quit the game? (Confirm with "yes".)

#...................
............#....#.####
.
#.####......#....#.#..
.. #.#
#......#......#.##...
#.#
#....................
#.#
#...........#.....###
#.#
#...#.#.##+##........
#.#
#...#.#....##....?##
#.#
#...#.#....@g........
#.#
#...#.#.#####.....###
#.# #...#.#†# #.....#
#.# #...#.#.# #.....#
#.# #...#...#######..##
#.# #.)..............#
#.####...##.........###
#........##.........#
########.##...8.8...#


You could see a goblin.

Vanquished Creatures
  A dart slug (D:1)
  A bat (D:1)
  A hobgoblin (D:1)
  A kobold (D:1)
  A frilled lizard (D:1)
  A rat (D:1)
6 creatures vanquished.

Notes
Turn   | Place    | Note
-------+----------+-------------------------------------------
     0 | D:1      | Chiseanne the Demonspawn Wanderer began the quest for the
                  | Orb.
     0 | D:1      | Chiseanne set off with the following items: a +2 dagger, a
                  | potion of heal wounds, a +0 hand axe, a potion of
                  | lignification, a +0 robe
     0 | D:1      | Reached XP level 1. HP: 18/18 MP: 1/1
   295 | D:1      | Reached skill level 1 in Dodging
   295 | D:1      | Gained mutation: You have sharp fingernails. [demonic
                  | ancestry]
   295 | D:1      | Reached XP level 2. HP: 22/24 MP: 2/2
   295 | D:1      | Quit the game

Illustrated notes

Levels and vault maps discovered:
D:1:      mrwooster_arrival_statue, layout_basic

Skill      XL: |  1 |
---------------+----+-----
Dodging        | 1 |  1.0
Fighting       | |  3.2
Axes           | |  2.6
Staves         | |  1.0
Armour         | |  1.0
Stealth        | |  1.7

Action                   || total
-------------------------++-------
Melee: Dagger            ||    24
 Stab: Sleeping          ||     1
Armor: Robe              ||     4
Dodge: Dodged            ||     8

Table legend: (Time is in decaauts)
 A = Elapsed time spent in this place.
 B = Non-inter-level travel time spent in this place.
 C = Inter-level travel time spent in this place.
 D = Time resting spent in this place.
 E = Time spent auto-exploring this place.
 F = Levels seen in this place.
 G = Mean time per level.
                   A        B        C        D        E       F      G
               +--------+--------+--------+--------+--------+-----+--------+
         Total |    295 |    295 |      0 |    186 |     38 |   1 |  295.0 |
       Dungeon |    295 |    295 |      0 |    186 |     38 |   1 |  295.0 |
               +--------+--------+--------+--------+--------+-----+--------+

Top non-repeatable levels by time:
     D:1: 295 daAuts
